 Dungeon Crawl Stone Soup version 0.24.1-14-gf8d2b509d9 (webtiles) character file.

Game seed: 4636119387906379574, levelgen mode: deterministic

21975 Hugehornet the Unseen (level 12, -10/75 HPs)
             Began as an Octopode Enchanter on May 19, 2020.
             Was an Initiate of Gozag.
             Mangled by a komodo dragon (33 damage)
             ... on level 1 of the Lair of Beasts.
             The game lasted 01:05:19 (17532 turns).

Hugehornet the Unseen (Octopode Enchanter)         Turns: 17532, Time: 01:05:20

Health: -10/75     AC:  1    Str:  7    XL:     12   Next: 95%
Magic:  20/38      EV: 16    Int: 26    God:    Gozag
Gold:   624        SH:  6    Dex: 14    Spells: 8/21 levels left

rFire    . . .     SeeInvis +   i - +0 dagger (speed)
rCold    + . .     Gourm    .   d - +1 buckler
rNeg     . . .     Faith    .   x - +0 hat "Tilaolon" {MR++ Regen+}
rPois    +         Spirit   .   s - amulet of regeneration
rElec    .         Reflect  .   h - ring of see invisible
rCorr    .         Harm     .   u - ring of protection from cold
MR       ++++.                  A - ring of magical power
Stlth    +++++++...             B - ring of poison resistance
HPRegen  1.02/turn              J - ring of the Mage {Wiz MR++ Int+3}
MPRegen  0.26/turn              M - ring of magical power
                                (no ring)
                                (no ring)

@: no status effects
A: almost no armour, stealthy swim, amphibious, 8 rings, constrict 8, camouflage
1, clever 1, gelatinous body 1, subdued magic 1
a: Potion Petition, Call Merchant, Bribe Branch, Renounce Religion


You were on level 1 of the Lair of Beasts.
You worshipped Gozag.
Gozag was pleased with you.
You were not hungry.

You visited 2 branches of the dungeon, and saw 13 of its levels.
You also visited: Bailey.

You collected 3085 gold pieces.
You spent 1185 gold pieces at shops.
You paid 1276 gold pieces to Gozag.

Inventory:

Hand Weapons
 a - a +1 dagger
 i - a +0 dagger of speed (weapon)
 O - a +0 rapier
Armour
 d - a +1 buckler (worn)
 x - the +0 hat "Tilaolon" (worn) {MR++ Regen+}
   (You acquired it on level 12 of the Dungeon)

   It affects your resistance to hostile enchantments.
   It increases your rate of regeneration.
 I - a +0 shield of reflection
Jewellery
 h - a ring of see invisible (left tentacle)
 k - an uncursed amulet of harm
 s - an amulet of regeneration (around mantle)
 u - a ring of protection from cold (right tentacle)
 A - a ring of magical power (on tentacle)
 B - a ring of poison resistance (on tentacle)
 J - the ring of the Mage (on tentacle) {Wiz MR++ Int+3}
   (You bought it in a shop on level 12 of the Dungeon)

   [ring of wizardry]

   It improves your spell success rate.
   It affects your intelligence (+3).
   It affects your resistance to hostile enchantments.
 M - a ring of magical power (on tentacle)
Wands
 q - a wand of random effects (29)
 t - a wand of flame (15)
 z - a wand of acid (19)
 F - a wand of clouds (12)
 H - a wand of paralysis (11)
 L - a wand of enslavement (3)
Scrolls
 b - 13 scrolls of remove curse
 f - 4 scrolls of teleportation
 j - 3 scrolls of immolation
 n - 5 scrolls of blinking
 o - 4 scrolls of amnesia
 r - 2 scrolls of fog
 v - 8 scrolls of enchant weapon
 w - a scroll of enchant armour
 y - a scroll of torment {unknown}
 N - a scroll of silence {unknown}
 P - a scroll of fear
Potions
 e - 2 potions of might
 g - a potion of brilliance
 l - a potion of cancellation
 m - a potion of ambrosia
 p - 8 potions of curing
 C - 2 potions of flight
 D - a potion of heal wounds
 E - 2 potions of haste
 G - a potion of agility
 K - a potion of magic
Comestibles
 c - 12 rations


   Skills:
 - Level 4.4 Fighting
 - Level 10.0 Short Blades
 - Level 5.0 Dodging
 + Level 16.3 Stealth
 - Level 4.6 Shields
 - Level 5.3 Spellcasting
 - Level 8.1 Hexes
 - Level 8.0 Ice Magic


You had 8 spell levels left.
You knew the following spells:

 Your Spells              Type           Power        Failure   Level  Hunger
a - Ensorcelled Hibernat  Hex/Ice        #####.       1%          2    None
b - Tukima's Dance        Hex            #####...     1%          3    #......
c - Confusing Touch       Hex            #####.       1%          1    None
d - Dazzling Spray        Conj/Hex       ###...       1%          3    #......
e - Confuse               Hex            #####...     1%          3    #......
f - Corona                Hex            #####..      1%          1    None

Your spell library contained the following spells:

 Spells                   Type           Power        Failure   Level  Hunger
 Animate Skeleton         Necr           N/A          2%          1    None
 Apportation              Tloc           #.....       2%          1    None
 Summon Small Mammal      Summ           #...         2%          1    None


Dungeon Overview and Level Annotations

Branches:
Dungeon (12/15)            Temple (0/1) D:6            Lair (1/6) D:11
    Orc (0/2) D:10         Bailey (visited)

Altars:
Cheibriados
Dithmenos
Gozag
Hepliaklqana
Makhleb
Nemelex Xobeh
Qazlal
Ru
Sif Muna
Vehumet
Wu Jian
Yredelemnul
Zin
The Shining One
Beogh

Shops:
D:4 [   D:6 ?   D:7 }   D:9 !   D:10 (   D:12 =

Annotations:
Lair:1 Gastronok


Innate Abilities, Weirdness & Mutations

You cannot wear most types of armour.
You are very stealthy in the water. (Stealth+)
You are amphibious.
You can wear up to eight rings at the same time.
You can use your tentacles to constrict eight enemies at once.
Your skin changes colour to match your surroundings (Stealth+).
Your rubbery body absorbs attacks. (AC +1, EV +1)
Your mind is acute. (Int +2)
Your spells are a little easier to cast, but a little less powerful.


Message History

Aim: a komodo dragon (almost dead, chance to defeat MR: 48%)
The komodo dragon resists with some effort.
The komodo dragon misses you.
Casting: Ensorcelled Hibernation (safe; 1% risk of failure)
Confirm with . or Enter, or press ? or * to list all spells.
Aiming: Ensorcelled Hibernation (safe; 1% risk of failure)
Press: ? - help, Shift-Dir - straight line, f/p - komodo dragon
Aim: a komodo dragon (almost dead, chance to defeat MR: 48%)
The komodo dragon resists with some effort.
The komodo dragon hisses menacingly.
You block the komodo dragon's attack.
Casting: Ensorcelled Hibernation (safe; 1% risk of failure)
Confirm with . or Enter, or press ? or * to list all spells.
Aiming: Ensorcelled Hibernation (safe; 1% risk of failure)
Press: ? - help, Shift-Dir - straight line, f/p - komodo dragon
Aim: a komodo dragon (almost dead, chance to defeat MR: 48%)
The komodo dragon resists with some effort.
The komodo dragon bites you!!
You die...
Your body crumbles into a pile of gold.

....... .
...... ..
##....#
...#...P.##
.#........##
.).........#
..P...)....#
#P.%.@..#
##P..l.##
###.#... #.
..... . .#
#..###
##.#.# ##
### ......
....## ###.#


You could see a komodo dragon.

Vanquished Creatures
  2 hydras
  Erolcha (D:9)
  A death knight (D:11)
  2 two-headed ogres
  Erica (D:9)
  An ugly thing (D:12)
  2 orc knights (Bailey)
  A cyclops (D:12)
  2 spiny frogs (Lair:1)
  2 centaur skeletons
  A gargoyle (D:10)
  2 kobold demonologists (D:11)
  A komodo dragon (D:12)
  5 trolls
  A hornet (Lair:1)
  3 hippogriffs
  9 blink frogs (Lair:1)
  8 yaks
  A hungry ghost (D:9)
  A wraith (D:12)
  A human (D:10)
  3 hogs (D:10)
  Menkaure (D:5)
  A soldier ant (D:11)
  Edmund (D:4)
  A water moccasin (D:9)
  2 porcupines (Lair:1)
  Duvessa (D:5)
  A swamp drake (D:10)
  Purgy (D:3)
  10 orc warriors
  A black bear (D:8)
  4 sky beasts
  6 ogres
  An eye of draining (D:11)
  4 ice beasts
  3 phantoms
  3 wolves (Lair:1)
  2 centaurs
  Blork the orc (D:4)
  3 big kobolds
  4 bullfrogs
  A gnoll sergeant (D:6)
  Dowan (D:4)
  3 scorpions
  A wyvern skeleton (D:11)
  11 killer bees
  8 wights
  4 howler monkeys
  6 crimson imps
  2 bullfrog zombies (D:12)
  3 centaur zombies
  9 orc priests
  5 hounds
  2 jellies (D:8)
  8 orc wizards
  2 quasits
  Crazy Yiuf (D:5)
  A bullfrog skeleton (D:12)
  5 iguanas
  4 hell rats
  5 worker ants
  A killer bee zombie (D:9)
  2 hound skeletons
  2 worker ant zombies
  4 gnolls (D:6)
  9 adders
  A river rat (D:11)
  3 shadow imps
  2 oozes
  2 worms (D:2)
  3 dart slugs
  4 leopard geckos
  82 orcs
  7 bats
  6 giant cockroaches
  5 goblins
  8 hobgoblins
  18 jackals
  8 quokkas
  A ball python (D:2)
  5 frilled lizards
  A jackal skeleton (D:3)
  13 kobolds
  A leopard gecko skeleton (D:5)
  8 rats
380 creatures vanquished.

Vanquished Creatures (others)
  11 plants
11 creatures vanquished.

Grand Total: 391 creatures vanquished

Notes
Turn   | Place    | Note
-------+----------+-------------------------------------------
     0 | D:1      | Hugehornet the Octopode Enchanter began the quest for the
                  | Orb.
     0 | D:1      | Reached XP level 1. HP: 11/11 MP: 3/3
   166 | D:1      | Reached XP level 2. HP: 17/17 MP: 5/5
   845 | D:2      | Reached XP level 3. HP: 20/21 MP: 6/6
   849 | D:2      | Learned a level 2 spell: Ensorcelled Hibernation
   853 | D:2      | Learned a level 3 spell: Tukima's Dance
  1201 | D:2      | Found a faded altar of an unknown god.
  1288 | D:2      | Reached skill level 5 in Stealth
  1411 | D:2      | Found a sacrificial altar of Ru.
  1751 | D:2      | Found a glowing golden altar of the Shining One.
  1841 | D:2      | Reached XP level 4. HP: 27/27 MP: 7/7
  2336 | D:3      | Found a basalt altar of Yredelemnul.
  2686 | D:3      | Gained mutation: You tend to lose your temper in combat.
                  | [potion of mutation]
  2686 | D:3      | Gained mutation: You are robust. (+10% HP) [potion of
                  | mutation]
  3238 | D:3      | Found a hazy altar of Hepliaklqana.
  3550 | D:4      | Noticed Purgy
  3570 | D:4      | Reached skill level 6 in Stealth
  3570 | D:4      | Reached XP level 5. HP: 32/34 MP: 3/8
  3571 | D:4      | Noticed Blork the orc
  3584 | D:3      | Killed Purgy
  3584 | D:3      | Reached XP level 6. HP: 10/39 MP: 1/9
  3969 | D:4      | Killed Blork the orc
  3969 | D:4      | Reached skill level 7 in Stealth
  3969 | D:4      | Reached skill level 1 in Ice Magic
  4354 | D:4      | Learned a level 3 spell: Dazzling Spray
  4360 | D:4      | Found Lapanwin's Antique Armour Shop.
  4368 | D:4      | Noticed Edmund
  4378 | D:4      | Killed Edmund
  4378 | D:4      | Reached skill level 5 in Hexes
  4378 | D:4      | Reached XP level 7. HP: 34/45 MP: 5/10
  4466 | D:4      | Reached skill level 8 in Stealth
  4879 | D:5      | Entered Level 5 of the Dungeon
  4879 | D:5      | Noticed Duvessa
  4879 | D:5      | Noticed Dowan
  4881 | D:5      | Killed Duvessa
  4897 | D:4      | Killed Dowan
  4897 | D:4      | HP: 2/45 [iguana (11)]
  5281 | D:5      | Reached skill level 9 in Stealth
  5457 | D:5      | Reached XP level 8. HP: 50/50 MP: 11/11
  5502 | D:5      | Noticed Menkaure
  5521 | D:5      | HP: 1/75 [Menkaure (19)]
  5522 | D:5      | Killed Menkaure
  5973 | D:5      | Reached skill level 10 in Stealth
  6379 | D:5      | Found a sparkling altar of Nemelex Xobeh.
  6444 | D:5      | Found a runed translucent door.
  6444 | D:5      | Noticed Crazy Yiuf
  6487 | D:5      | Found a radiant altar of Vehumet.
  6487 | D:5      | Found a burning altar of Makhleb.
  6491 | D:5      | Reached skill level 5 in Short Blades
  6539 | D:5      | Killed Crazy Yiuf
  6603 | D:6      | Reached skill level 1 in Shields
  6989 | D:5      | Reached skill level 1 in Fighting
  7383 | D:6      | Found a shimmering blue altar of Sif Muna.
  7383 | D:6      | Found an opulent altar of Gozag.
  7388 | D:6      | Found a faded altar of an unknown god.
  7391 | D:6      | Became a worshipper of Gozag Ym Sagoz the Greedy
  7394 | D:6      | Found a faded altar of an unknown god.
  7396 | D:6      | Found a snail-covered altar of Cheibriados.
  7433 | D:6      | Found a staircase to the Ecumenical Temple.
  7540 | D:6      | Found Wimixun's Magic Scroll Shoppe.
  7546 | D:6      | Bought a scroll of noise for 12 gold pieces
  7549 | D:6      | Bought a scroll of blinking for 90 gold pieces
  7549 | D:6      | Bought a scroll of identify for 24 gold pieces
  7549 | D:6      | Bought a scroll of teleportation for 36 gold pieces
  7549 | D:6      | Bought a scroll of identify for 24 gold pieces
  7549 | D:6      | Bought a scroll of identify for 24 gold pieces
  7565 | D:6      | Reached XP level 9. HP: 58/58 MP: 7/12
  8377 | D:7      | Reached skill level 11 in Stealth
  8908 | D:7      | Found Waluk's Gadget Boutique.
  8966 | D:7      | Found an ornate altar of the Wu Jian Council.
  9316 | D:7      | Noticed a troll
  9543 | D:7      | Noticed a troll
  9559 | D:7      | Killed a troll
  9751 | D:7      | Killed a troll
  9751 | D:7      | Reached skill level 5 in Spellcasting
  9870 | D:8      | Found a glowing silver altar of Zin.
 10110 | D:8      | Reached XP level 10. HP: 66/66 MP: 17/17
 10301 | D:8      | Found a stormy altar of Qazlal.
 10705 | D:8      | Found a shadowy altar of Dithmenos.
 10714 | D:8      | Lost mutation: You tend to lose your temper in combat.
                  | [potion of mutation]
 10714 | D:8      | Lost mutation: You are robust. (+10% HP) [potion of
                  | mutation]
 10714 | D:8      | Gained mutation: You expend magic power (3 MP) to
                  | strengthen your wands. [potion of mutation]
 10714 | D:8      | Gained mutation: Scrolls take you a little longer to read.
                  | [potion of mutation]
 10714 | D:8      | Gained mutation: You are resistant to hostile enchantments.
                  | (MR+) [potion of mutation]
 10747 | D:8      | Found a roughly hewn altar of Beogh.
 10939 | D:9      | Noticed Erica
 11006 | D:9      | Found Quut's Distillery.
 11018 | D:9      | Bought a potion of curing for 33 gold pieces
 11018 | D:9      | Bought a potion of cancellation for 88 gold pieces
 11018 | D:9      | Bought a potion of curing for 33 gold pieces
 11018 | D:9      | Bought a potion of curing for 33 gold pieces
 11018 | D:9      | Bought a potion of heal wounds for 55 gold pieces
 11018 | D:9      | Bought a potion of mutation for 88 gold pieces
 11018 | D:9      | Bought a potion of curing for 33 gold pieces
 11018 | D:9      | Bought a potion of heal wounds for 55 gold pieces
 11019 | D:9      | Lost mutation: You expend magic power (3 MP) to strengthen
                  | your wands. [potion of mutation]
 11019 | D:9      | Lost mutation: Scrolls take you a little longer to read.
                  | [potion of mutation]
 11019 | D:9      | Lost mutation: You are resistant to hostile enchantments.
                  | (MR+) [potion of mutation]
 11019 | D:9      | Gained mutation: Your spells are a little easier to cast,
                  | but a little less powerful. [potion of mutation]
 11019 | D:9      | Gained mutation: Your mind is acute. (Int +2) [potion of
                  | mutation]
 11321 | D:9      | Killed Erica
 11321 | D:9      | Reached skill level 12 in Stealth
 11441 | D:9      | Noticed Erolcha
 11446 | D:9      | Killed Erolcha
 11705 | D:9      | Noticed a two-headed ogre
 11725 | D:9      | Killed a two-headed ogre
 11725 | D:9      | Reached XP level 11. HP: 34/68 MP: 13/18
 12014 | D:10     | Entered Level 10 of the Dungeon
 12172 | D:10     | Reached skill level 13 in Stealth
 13031 | D:10     | Found a staircase to the Orcish Mines.
 13648 | D:11     | Reached skill level 10 in Short Blades
 13735 | D:11     | Learned a level 3 spell: Confuse
 13859 | D:11     | Noticed a death yak
 13860 | D:11     | Found a staircase to the Lair.
 14093 | D:11     | Noticed a death knight
 14094 | D:11     | Noticed a two-headed ogre
 14110 | D:11     | Killed a death knight
 14197 | D:11     | Killed a two-headed ogre
 14547 | D:11     | Reached skill level 5 in Dodging
 14554 | D:11     | Noticed a death yak
 14674 | D:11     | Noticed an eight-headed hydra
 14683 | D:11     | Killed an eight-headed hydra
 14683 | D:11     | Reached skill level 5 in Ice Magic
 14764 | D:11     | Noticed a death yak
 15032 | D:11     | Reached XP level 12. HP: 70/75 MP: 20/20
 15336 | D:12     | Identified a scroll of acquirement
 15341 | D:12     | Got a distressingly furry hat
 15347 | D:12     | Identified the +0 hat "Tilaolon" {MR++ Regen+} (You
                  | acquired it on level 12 of the Dungeon)
 15495 | D:12     | Found a flagged portal.
 15524 | Bailey   | Entered a bailey
 15930 | D:12     | Bought the ring of the Mage {Wiz MR++ Int+3} for 517 gold
                  | pieces
 15930 | D:12     | Found the ring of the Mage {Wiz MR++ Int+3}
 15930 | D:12     | Bought a cursed amulet of inaccuracy for 20 gold pieces
 15930 | D:12     | Bought a cursed -3 ring of dexterity for 20 gold pieces
 16019 | D:12     | Noticed an eight-headed hydra
 16031 | D:12     | Killed an eight-headed hydra
 16308 | D:12     | Reached skill level 14 in Stealth
 16602 | D:12     | Learned a level 1 spell: Confusing Touch
 16902 | Lair:1   | Entered Level 1 of the Lair of Beasts
 17043 | Lair:1   | Reached skill level 15 in Stealth
 17329 | Lair:1   | Noticed Gastronok
 17476 | Lair:1   | Reached skill level 16 in Stealth
 17532 | Lair:1   | Mangled by a komodo dragon

Levels and vault maps discovered:
D:1:      sevenhm_arrival_forest_fort_small_6, layout_loops_ring
D:2:      layout_loops_corners, lemuel_crystal_altar,
          chequers_ecumenical_altar_island, nicolae_tso_swordbearing_angel
D:3:      layout_basic, lemuel_crystal_altar, overflow_temple_1_default,
          first_ration, guppyfry_early_orc_mine
D:4:      layout_basic, serial_shops, shop, uniq_blork_the_orc, uniq_purgy,
          uniq_edmund
D:5:      layout_cave_pools, grunt_temple_overflow_lords_of_destruction,
          old_standard_altar, uniq_duvessa, uniq_crazy_yiuf_cottage,
          uniq_menkaure
D:6:      layout_loops_ring, chequers_temple_overflow_minitemple,
          minmay_temple_entry_overgrown, serial_shops, shop, due_unseen_surprise
D:7:      minmay_cornered_nines, layout_basic, lemuel_crystal_altar,
          serial_shops, shop
D:8:      layout_cave_pools, nicolae_dithmenos_the_darkroom, zin_treasury,
          nicolae_qazlal_general_emergency, special_room [special_room_orc]
D:9:      layout_irregular_city, serial_shops, shop, uniq_erica, uniq_erolcha
D:10:     layout_loops_ring, erik_orc_1, grunt_livestock,
          minmay_misc_feat_four_crosses
D:11:     layout_loops_cross, dpeg_lair_monsters
D:12:     layout_basic, enter_bailey_1
Lair:1:   layout_loops_ring, lemuel_fruit_fields, uniq_gastronok, uniq_sonja

Skill      XL: |  1  2  3  4  5  6  7  8  9 10 11 12 |
---------------+-------------------------------------+-----
Stealth        | 5 6 7 9 10 11 12 13 16 | 16.3
Hexes          | 4 5 6 7 8 |  8.1
Short Blades   | 2 3 4 5 6 7 10 | 10.0
Ice Magic      | 1 4 5 8 |  8.0
Shields        | 1 2 4 |  4.6
Fighting       | 1 2 3 4 |  4.4
Spellcasting   | 5 |  5.3
Dodging        | 3 4 5 |  5.0

Action                   |  1- 3 |  4- 6 |  7- 9 | 10-12 || total
-------------------------+-------+-------+-------+-------++-------
Melee: Dagger            |    79 |   132 |   284 |   749 ||  1244
       Constrict         |    11 |    22 |    42 |    72 ||   147
       Tentacles         |    12 |    13 |    54 |   131 ||   210
 Cast: Ensorcelled Hiber |     3 |     9 |    75 |   185 ||   272
       Corona            |       |     1 |       |       ||     1
       Tukima's Dance    |       |       |     3 |       ||     3
       Dazzling Spray    |       |       |     4 |    17 ||    21
       Confuse           |       |       |       |    13 ||    13
       Confusing Touch   |       |       |       |     2 ||     2
Invok: Call Merchant     |       |       |       |     2 ||     2
Evoke: Wand              |       |       |       |     2 ||     2
  Use: Potion            |     1 |     4 |     6 |     5 ||    16
       Scroll            |       |     6 |     8 |    12 ||    26
 Stab: Sleeping          |    19 |    15 |    51 |   129 ||   214
       Invisible         |       |       |     4 |     2 ||     6
       Distracted        |       |       |       |     6 ||     6
       Confused          |       |       |       |     6 ||     6
  Eat: Chunk             |     3 |     5 |    10 |       ||    18
       Ration            |       |     1 |     4 |     8 ||    13
Armor: Skin              |     5 |     5 |    12 |    16 ||    38
Dodge: Dodged            |    37 |    71 |   171 |   250 ||   529
Block: Buckler           |       |       |       |    80 ||    80
